Cogmind - Beta 15 @@@ ROGUE MODE // 2025.07.02 @ 15:39:58 Player: cingulata Result: Self-destructed Performance ------------- Evolutions (8) 4000 Regions Visited (11) 2200 Robots Destroyed (74) 370 Value Destroyed (1664) 1664 Prototype IDs (33) 660 Alien Tech Used (0) 0 Bonus (374) 374 TOTAL SCORE: 9268 Bonus ------- Follower Combat Kills 74 Aligned with FarCom 300 Cogmind --------- Core Integrity 1337/1450 Matter 295/300 Energy 290/290 System Corruption 5% Temperature Cool (0) Movement Flying (33) Location -2/Research Parts ------- > --- POWER (2) -------- Nuclear Core Micro Fission Core > --- PROPULSION (7) --- Field Propulsion Drive Field Propulsion Drive Nuclear Pulse Array Impulse Thruster > --- UTILITY (12) ----- Experimental Transmission Jammer ECM Suite Advanced Phase Shifter Improved Cloaking Device (fused) Graphene Brace Hacking Suite Hacking Suite System Shield System Shield > --- WEAPON (2) ------- Quantum Rifle > --- INVENTORY (5) ---- Faulty Experimental Q-thruster Advanced Signal Interpreter Centrium Light Armor Plating Smartbomb Launcher Peak State ------------ > --- POWER ------------ Micro Fission Core Light Antimatter Reactor > --- PROPULSION ------- Field Propulsion Drive Field Propulsion Drive Cooled Nuclear Pulse Thruster Nuclear Pulse Array Impulse Thruster Array > --- UTILITY ---------- Advanced Cryofiber Web Stasis Canceller Experimental Transmission Jammer ECM Suite Reaction Control System Advanced Phase Shifter Improved Cloaking Device Graphene Brace Hacking Suite Hacking Suite System Shield System Shield > --- WEAPON ----------- Quantum Rifle Power Sword > --- INVENTORY -------- Nuclear Core Centrium Light Armor Plating Graphene Brace Smartbomb Launcher [Rating: 137] Favorites ----------- Power Nuclear Core Engine Improved Ion Engine Power Core Nuclear Core Reactor Light Antimatter Reactor Propulsion Medium Treads Treads Medium Treads Leg Aluminum Leg Wheel Armored Wheel Flight Unit Xenon Bombardment Thruster Utility Hacking Suite Device Structural Scanner Storage Large Storage Unit Processor Enhanced Optical Array Hackware Hacking Suite Protection Utility Shielding Weapon Advanced Assault Cannon Energy Gun EM Pulse Gun Energy Cannon Plasma Cannon Ballistic Gun Light Assault Rifle Ballistic Cannon Advanced Assault Cannon Launcher Smartbomb Launcher Impact Weapon Heavy Flail Slashing Weapon Power Sword Build | -11 -10 -10 -10 -9 -8 -7 -6 -5 -4 -3 -2 ------- Run | Yrd Mat Min Exi Min Mat Fac Fac Fac Fac Res Res Slots Evolved 16 | . . . . . 4 2 2 2 2 2 2 Power 1 | . . . . . . 1 . . . . . Propulsion 5 | . . . . . 2 1 . . 1 1 . Utility 10 | . . . . . 2 . 2 2 1 1 2 Weapon . | . . . . . . . . . . . . Parts Attached 86 | . 13 5 . 1 25 6 6 5 8 6 11 Power 8 | . 1 . . . 3 1 1 . . 1 1 Engine 1 | . 1 . . . . . . . . . . Core 6 | . . . . . 3 1 1 . . 1 . Reactor 1 | . . . . . . . . . . . 1 Propulsion 26 | . 2 2 . . 9 1 . 4 4 2 2 Treads 6 | . 2 . . . 4 . . . . . . Leg . | . . . . . . . . . . . . Wheel 3 | . . 2 . . 1 . . . . . . Hover . | . . . . . . . . . . . . Flight 17 | . . . . . 4 1 . 4 4 2 2 Utility 28 | . 3 . . . 6 1 4 1 4 2 7 Device 14 | . 2 . . . 2 . 1 . 2 2 5 Storage 1 | . 1 . . . . . . . . . . Processor 3 | . . . . . . 1 1 1 . . . Hackware 5 | . . . . . 2 . 2 . . . 1 Protection 5 | . . . . . 2 . . . 2 . 1 Artifact . | . . . . . . . . . . . . Weapon 24 | . 7 3 . 1 7 3 1 . . 1 1 Energy Gun 4 | . 3 . . . . . . . . . 1 Energy Cannon 1 | . . . . . . 1 . . . . . Ballistic Gun 3 | . 2 . . . 1 . . . . . . Ballistic Cannon 7 | . 2 . . . 4 1 . . . . . Launcher 4 | . . 2 . 1 . . . . . 1 . Special Weapon . | . . . . . . . . . . . . Impact Weapon 2 | . . . . . 2 . . . . . . Slashing Weapon 3 | . . 1 . . . 1 1 . . . . Piercing Weapon . | . . . . . . . . . . . . Special Melee Weapon . | . . . . . . . . . . . . Unidentified Prototypes 3 | . . . . . . . . 1 . . 2 Parts Lost 15 | . . 3 . . 3 . . . . 4 5 Power 2 | . . . . . . . . . . 1 1 Propulsion 6 | . . 2 . . 2 . . . . 1 1 Utility 5 | . . . . . 1 . . . . 2 2 Weapon 2 | . . 1 . . . . . . . . 1 Highest Loss Streak 4 | . . 3 . . 3 . . . . 4 2 To Critical Strikes . | . . . . . . . . . . . . Average Backups 10 | 6 13 14 13 14 14 4 4 4 4 3 3 Power 1 | 1 1 2 2 2 2 . . 1 1 1 . Propulsion 4 | 4 7 4 3 3 6 . . 1 1 . . Utility 1 | . 1 2 2 2 1 2 2 . . . 1 Weapon 3 | 1 3 5 6 7 4 1 1 1 1 1 1 Tool/Special . | . . . . . . . . . . . . Unused Backups 24 | 6 2 1 . . 6 . 4 1 1 . 3 Power 8 | 1 1 . . . 3 . 1 1 1 . . Propulsion 7 | 2 . 1 . . 2 . 1 . . . 1 Utility 6 | 1 1 . . . . . 2 . . . 2 Weapon 3 | 2 . . . . 1 . . . . . . Tool/Special . | . . . . . . . . . . . . Average Slot Usage (%) 94 | . 99 99 76 85 98 87 95 98 93 90 83 Engine 5 | . 14 14 14 14 1 . . . . . . Core 5 | . . . . . 7 8 13 11 10 8 4 Treads 16 | . 27 19 . . 33 . . . . . . Wheel 3 | . . 8 28 28 1 . . . . . . Flight 10 | . . . . . . 31 31 27 26 26 20 Device 15 | . 9 14 14 14 17 7 7 16 19 25 31 Storage 8 | . 18 14 14 14 8 . . . . . . Hackware 7 | . . . . . 5 15 22 17 15 14 14 Protection 2 | . . . . . 3 6 6 5 7 6 . Energy Gun 1 | . 7 . . . . . . . . . 3 Energy Cannon 1 | . . . . . . 1 6 5 5 1 . Ballistic Gun 4 | . 17 17 . . . . . . . . . Ballistic Cannon 5 | . 2 6 . . 12 5 . . . . . Slashing Weapon 3 | . . 2 5 14 1 6 6 5 5 3 3 Peak Build Rating 137 | 6 10 11 11 13 39 44 52 65 87 106 137 Average Rating 41 | 6 9 10 9 11 35 37 47 61 80 96 124 On Entrance 35 | 6 6 10 11 11 11 35 42 52 65 86 90 Naked Turns . | . . . . . . . . . . . . Heaviest Build 43 | 11 35 32 30 33 43 26 27 29 37 39 40 Greatest Support 112 | 20 40 40 24 24 112 28 28 30 40 53 52 Greatest Overweight (x) 10 | . 10 1 1 1 1 . . 1 1 1 . Average Overweight (x) . | . . . 1 1 . . . . . . . Largest Inventory Capacity 15 | 8 15 15 15 15 15 5 5 5 5 5 5 Average Capacity 11 | 8 14 15 15 15 14 5 5 5 5 5 5 Most Carried 15 | 6 15 15 15 15 15 5 5 5 5 5 5 Average Carried 10 | 6 13 14 14 14 14 4 4 4 4 4 4 Final Capacity 15 | 8 15 15 15 15 5 5 5 5 5 5 5 Final Carried 15 | 6 15 12 14 15 5 5 5 5 5 4 5 Class Distribution -------------------- 52% | Mutant 25% | Hacker-Sprinter 9% | Infiltrator-Mutant 9% | Hacker-Ninja Dominant Class ---------------- Mutant | -10/Materials Mutant | -10/Mines Mutant | -10/Exiles Mutant | -9/Mines Mutant | -8/Materials Hacker-Sprinter | -7/Factory Hacker-Sprinter | -6/Factory Hacker-Ninja | -5/Factory Hacker-Ninja | -4/Factory Hacker-Sprinter | -3/Research Hacker-Sprinter | -2/Research Resources | -11 -10 -10 -10 -9 -8 -7 -6 -5 -4 -3 -2 ----------- Run | Yrd Mat Min Exi Min Mat Fac Fac Fac Fac Res Res Matter Collected 2567 | 205 260 106 . 39 972 338 110 50 79 87 321 Remotely . | . . . . . . . . . . . . Salvage Created 2406 | 28 333 63 . . 787 199 117 276 210 164 229 Parts 138 | 2 27 8 . . 46 15 5 8 11 11 5 Haulers Intercepted 9 | . 1 . . . 3 . 1 1 1 1 1 Recyclers Shooed 4 | 1 . . . . 2 . 1 . . . . Parts Field Recycled . | . . . . . . . . . . . . Retrieved Matter . | . . . . . . . . . . . . Parts Self-Destructed . | . . . . . . . . . . . . Prevented . | . . . . . . . . . . . . Kills | -11 -10 -10 -10 -9 -8 -7 -6 -5 -4 -3 -2 ------- Run | Yrd Mat Min Exi Min Mat Fac Fac Fac Fac Res Res Combat Hostiles Destroyed 38 | . 10 4 . . 20 1 . . 1 2 . Melee 1 | . . . . . . . . . 1 . . Guns 10 | . 9 1 . . . . . . . . . Cannons 16 | . . 2 . . 13 1 . . . . . AOE 11 | . 1 1 . . 7 . . . . 2 . Classes Destroyed 13 | 1 4 1 . . 5 2 . . . . . Worker 10 | . 1 . . . 3 4 . 1 . 1 . Builder 4 | . . 1 . . 1 . . . . 2 . Tunneler 2 | 1 . . . . 1 . . . . . . Hauler 9 | . 1 . . . 3 . 1 1 1 1 1 Recycler 3 | . . . . . . 1 . 1 . . 1 Mechanic 1 | . . . . . 1 . . . . . . Operator 7 | . . . . . 3 1 1 . 2 . . Swarmer 13 | . 6 3 . . 4 . . . . . . Grunt 13 | . 4 . . . 9 . . . . . . Duelist 1 | . . . . . 1 . . . . . . Sentry 5 | . . . . . 4 . . . 1 . . Hunter 2 | . . . . . 2 . . . . . . Programmer 3 | . . . . . . 1 . . . 2 . Best Kill Streak 5 | 1 4 3 . . 5 2 1 2 1 4 1 Combat Bots Only 5 | . 4 3 . . 5 1 . . 1 1 . Max Kills in Single Turn 3 | 1 2 2 . . 3 1 1 1 1 3 1 Gunslinging 1 | . 1 . . . . . . . . . . Exploded 2 | . 1 1 . . 2 . . . . 1 . Melee 1 | . . . . . . . . . 1 . . Uniques/NPCs Destroyed 1 | . . 1 . . . . . . . . . YI-UF0 (-10/Mines) Combat | -11 -10 -10 -10 -9 -8 -7 -6 -5 -4 -3 -2 -------- Run | Yrd Mat Min Exi Min Mat Fac Fac Fac Fac Res Res Hostile Shots Fired 309 | . 33 19 . . 128 7 3 2 2 76 39 Missed 121 | . 9 2 . . 36 1 3 1 2 45 22 Hits 188 | . 24 17 . . 92 6 . 1 . 31 17 Melee 3 | . . . . . . . . . . 3 . Projectile 185 | . 24 17 . . 92 6 . 1 . 28 17 AOE 9 | . . 9 . . . . . . . . . Critical Strikes 3 | . . . . . 3 . . . . . . Damage Taken 3144 | . 254 349 . . 1347 91 . 23 . 643 437 Core 470 | . 14 60 . . 156 . . . . 127 113 Absorbed by Shields . | . . . . . . . . . . . . Redirected to Shielding 56 | . . . . . . . . . . 56 . Regen/Repaired (Parts) 130 | . . . . . 56 . 46 . . . 28 Core Remaining (%) 91 | 100 . . . 70 71 100 100 100 100 90 . Volleys Fired 164 | 5 38 8 . . 74 8 . . 8 16 7 Largest 2 | 1 2 2 . . 2 1 . . 1 1 1 Hottest 94 | 20 90 50 . . 80 40 . . 80 80 94 Shots Fired 243 | 5 67 16 . . 115 8 . . 8 16 8 Gun 92 | 5 62 9 . . 8 . . . . . 8 Cannon 129 | . 5 3 . . 101 8 . . 8 4 . Launcher 22 | . . 4 . . 6 . . . . 12 . Special . | . . . . . . . . . . . . Kinetic 170 | 5 36 12 . . 109 8 . . . . . Thermal 28 | . 8 . . . . . . . 8 4 8 Explosive 22 | . . 4 . . 6 . . . . 12 . Electromagnetic 23 | . 23 . . . . . . . . . . Robot Hit Streak 10 | 5 7 5 . . 10 4 . . 1 . . Robot Miss Streak 4 | . 4 2 . . 4 1 . . 1 2 3 Penetration Max . | . . . . . . . . . . . . Secondary Targets 2 | . 2 . . . . . . . . . . Max Gunslinging Chain 1 | . 1 . . . . . . . . . . Shots Hit Robots 170 | 5 32 9 . 1 71 14 10 6 11 4 7 Core Hits 97 | 2 18 8 . . 41 4 2 4 4 13 1 Critical Kills . | . . . . . . . . . . . . Critical Parts Destroyed 1 | . . . . . 1 . . . . . . Critical Strikes 13 | . 1 . . . 5 . 2 1 3 1 . Burn 1 | . 1 . . . . . . . . . . Blast 4 | . . . . . 4 . . . . . . Smash 1 | . . . . . 1 . . . . . . Sever 7 | . . . . . . . 2 1 3 1 . Melee Attacks 171 | . . . . 1 13 27 23 24 27 16 40 Impact 10 | . . . . . 9 1 . . . . . Slashing 161 | . . . . 1 4 26 23 24 27 16 40 Piercing . | . . . . . . . . . . . . Sneak Attacks 25 | . . . . 1 3 6 3 3 4 1 4 Combat Hostiles 1 | . . . . . . 1 . . . . . Follow-up Attacks . | . . . . . . . . . . . . Damage Inflicted 7163 | 41 428 117 . 50 2372 811 651 400 646 1170 477 Guns 560 | 41 377 55 . . 87 . . . . . . Cannons 1692 | . . 31 . . 1534 103 . . 24 . . Explosions 1593 | . 51 28 . . 536 . . . . 978 . Melee 3281 | . . . . 50 181 708 651 400 622 192 477 Ramming 37 | . . 3 . . 34 . . . . . . Kinetic 1980 | 41 129 86 . . 1621 103 . . . . . Thermal 155 | . 131 . . . . . . . 24 . . Explosive 1542 | . . 28 . . 536 . . . . 978 . Electromagnetic 168 | . 168 . . . . . . . . . . Impact 181 | . . . . . 181 . . . . . . Slashing 3100 | . . . . 50 . 708 651 400 622 192 477 Piercing . | . . . . . . . . . . . . Highest Corruption 5 | . 2 4 4 4 . 1 . . . . 5 Average Corruption 2 | . 1 2 4 4 . 1 . . . . 2 Corruption Purged . | . . . . . . . . . . . . Corruption Blocked . | . . . . . . . . . . . . Effects 35 | . 6 8 7 8 . 1 . . . . 5 Message Errors 9 | . 1 1 3 2 . 1 . . . . 1 Matter Fused 7 | . 2 1 2 2 . . . . . . . Heat Flow Errors 4 | . 1 2 1 . . . . . . . . Energy Discharges 4 | . 1 1 1 1 . . . . . . . Parts Rejected 1 | . . . . . . . . . . . 1 Parts Fused 2 | . . . . 1 . . . . . . 1 Data Loss (minor) 1 | . . 1 . . . . . . . . . Data Loss (major) 4 | . . 2 . 2 . . . . . . . Misfires 2 | . 1 . . . . . . . . . 1 Alerts 1 | . . . . . . . . . . . 1 Overload Shots . | . . . . . . . . . . . . Overflow Damage 819 | . . . . 10 162 193 84 . 62 125 183 Projectiles 59 | . . . . . 59 . . . . . . Explosions 125 | . . . . . . . . . . 125 . Melee 635 | . . . . 10 103 193 84 . 62 . 183 Knockbacks 12 | . . . . . 10 2 . . . . . Impact . | . . . . . . . . . . . . Kinetic 12 | . . . . . 10 2 . . . . . Secondary . | . . . . . . . . . . . . Self-Inflicted Damage 48 | . 37 1 . . 10 . . . . . . Shots 2 | . 1 . . . 1 . . . . . . Rammed 5 | . . 1 . . 4 . . . . . . Targets Rammed 6 | . . 1 . . 5 . . . . . . Kicked . | . . . . . . . . . . . . Crushed 1 | . . . . . 1 . . . . . . Highest Temperature 283 | . 283 244 129 . 130 199 193 . 40 . 140 Average Temperature 59 | . 70 69 72 . 32 69 63 . 25 . 45 Received Heat Transfer 405 | . 60 . . . 324 . . . . 21 . Siege Activations . | . . . . . . . . . . . . Martial Activations . | . . . . . . . . . . . . Shielding Activations . | . . . . . . . . . . . . Robots Disrupted . | . . . . . . . . . . . . Combat Hostiles . | . . . . . . . . . . . . Robots Corrupted 2 | . . . . . 2 . . . . . . Combat Hostiles . | . . . . . . . . . . . . Parts Fried 3 | . . . . . 3 . . . . . . Impact Corruptions 5 | . . . . . 5 . . . . . . Robots Melted . | . . . . . . . . . . . . Combat Hostiles . | . . . . . . . . . . . . Parts Melted . | . . . . . . . . . . . . Heat Transferred 396 | . 346 . . . . . . . 50 . . Parts Sabotaged . | . . . . . . . . . . . . Parts Stolen . | . . . . . . . . . . . . Parts Stripped . | . . . . . . . . . . . . Power Chain Reactions 1 | . 1 . . . . . . . . . . Alert | -11 -10 -10 -10 -9 -8 -7 -6 -5 -4 -3 -2 ------- Run | Yrd Mat Min Exi Min Mat Fac Fac Fac Fac Res Res Maximum Alert Level 1 | . . . . . 1 . . . . 1 . Low Security (%) 92 | 100 100 100 . 100 78 100 100 100 100 77 100 Level 1 7 | . . . . . 21 . . . . 22 . Level 2 . | . . . . . . . . . . . . Level 3 . | . . . . . . . . . . . . Level 4 . | . . . . . . . . . . . . Level 5 . | . . . . . . . . . . . . High Security . | . . . . . . . . . . . . Max Security . | . . . . . . . . . . . . Peak Influence 360 | 5 125 70 . . 360 173 38 29 29 236 58 Initial 158 | . . . . . . 158 37 . . . . Average 43 | . 35 10 . . 77 110 6 7 4 65 13 Influence Increases 2079 | 5 339 78 . . 747 133 49 97 105 325 201 Destroy 0b10 Robot/C 780 | . 200 60 . . 440 20 . . 20 40 . Destroy 0b10 Robot/NC 180 | 5 15 5 . . 60 30 10 15 10 20 10 Destroy Leader 198 | . 32 10 . . 116 10 2 2 2 22 2 Allied During Kill 6 | . . . . . 6 . . . . . . Successful Hack 163 | . 13 . . . 13 9 12 18 26 24 48 Disable Machine 90 | . . . . . 30 30 15 . . 15 . Destroy Structure 437 | . 4 3 . . 67 19 10 32 32 174 96 Partial Spotted 135 | . . . . . 15 15 . 30 15 15 45 Lose Combat Pursuer 90 | . 75 . . . . . . . . 15 . Influence Decreases 2079 | 5 339 78 . . 397 406 125 98 103 327 201 Entered New Map 235 | . . . . . . 192 40 1 . 2 . Time Decay 1470 | 5 339 76 . . 329 214 85 97 103 93 129 Lost Part 73 | . . 2 . . 30 . . . . 15 26 Lost Ally 38 | . . . . . 38 . . . . . . Purge Threat 263 | . . . . . . . . . . 217 46 Squads Dispatched 23 | . 2 1 . . 6 1 2 . 2 5 4 Investigation 3 | . 1 . . . 1 . 1 . . . . Extermination 6 | . . . . . . 1 1 . 1 1 2 Reinforcement 13 | . 1 . . . 5 . . . 1 4 2 Assault 1 | . . 1 . . . . . . . . . Garrison . | . . . . . . . . . . . . Intercept . | . . . . . . . . . . . . Searches Triggered . | . . . . . . . . . . . . Construction Impeded 2 | . . . . . 1 . . . . 1 . Haulers Reinforced 1 | . . . . . . . . . . 1 . Active Scanning Responses . | . . . . . . . . . . . . Cargo Convoy Interrupts . | . . . . . . . . . . . . Stealth | -11 -10 -10 -10 -9 -8 -7 -6 -5 -4 -3 -2 --------- Run | Yrd Mat Min Exi Min Mat Fac Fac Fac Fac Res Res Distress Signals 14 | . 2 1 . . 5 . . . . 4 2 Communications Jammed 50 | . . . . . . . . . . 50 . Distress Signals 36 | . . . . . . . . . . 36 . Times Spotted 145 | . 25 4 . . 43 2 3 2 4 38 24 Peak Tracking Total 20 | . 3 3 . . 6 1 1 1 1 20 17 Tactical Retreats 12 | . 3 . . . . . . . 1 4 4 Traps | -11 -10 -10 -10 -9 -8 -7 -6 -5 -4 -3 -2 ------- Run | Yrd Mat Min Exi Min Mat Fac Fac Fac Fac Res Res Traps Triggered 9 | . 4 . . . . 1 1 . . 2 1 Indirectly . | . . . . . . . . . . . . Trap Hack Attempts . | . . . . . . . . . . . . Triggered . | . . . . . . . . . . . . Disarmed . | . . . . . . . . . . . . Reprogrammed . | . . . . . . . . . . . . Reused . | . . . . . . . . . . . . Traps Extracted . | . . . . . . . . . . . . Installed . | . . . . . . . . . . . . Triggered . | . . . . . . . . . . . . Machines | -11 -10 -10 -10 -9 -8 -7 -6 -5 -4 -3 -2 ---------- Run | Yrd Mat Min Exi Min Mat Fac Fac Fac Fac Res Res Machines Disabled 7 | . 1 . . . 2 2 1 . . 1 . Max in Single Turn 1 | . 1 . . . 1 1 1 . . 1 . Garrison Access 4 | . . . . . . 1 . . 1 1 1 Machines Repaired . | . . . . . . . . . . . . Machines Dismantled . | . . . . . . . . . . . . Machines Sabotaged . | . . . . . . . . . . . . Overloaded Fab Kills . | . . . . . . . . . . . . Hacking | -11 -10 -10 -10 -9 -8 -7 -6 -5 -4 -3 -2 --------- Run | Yrd Mat Min Exi Min Mat Fac Fac Fac Fac Res Res Machines Accessed 57 | . 8 . 2 . 8 6 8 3 7 7 8 Terminals 34 | . 7 . . . 5 3 5 1 4 5 4 Fabricators 2 | . . . . . . 1 . 1 . . . Repair Stations 5 | . . . . . 1 . 2 1 . . 1 Recycling Units 6 | . 1 . . . 1 1 . . 2 1 . Scanalyzers . | . . . . . . . . . . . . Garrison Access 8 | . . . . . 1 1 1 . 1 1 3 Total Hacks 153 | . 23 . 2 . 30 9 27 6 16 21 19 Successful 76 | . 9 . 2 . 16 6 12 3 8 11 9 Failed 76 | . 13 . . . 14 3 15 3 8 10 10 Catastrophic 12 | . 1 . . . 2 2 2 . 1 2 2 Database Lockouts 1 | . 1 . . . . . . . . . . Manual 72 | . 12 . 1 . 18 4 13 1 9 9 5 Terminals 102 | . 20 . . . 22 5 16 1 11 16 11 Fabricators 4 | . . . . . . 2 . 2 . . . Repair Stations 16 | . . . . . 4 . 7 3 . . 2 Recycling Units 11 | . 3 . . . 2 1 . . 4 1 . Scanalyzers . | . . . . . . . . . . . . Garrison Access 18 | . . . . . 2 1 4 . 1 4 6 Terminal Hacks 35 | . 6 . 2 . 7 3 4 . 2 7 4 Record 1 | . . . 1 . . . . . . . . Part Schematic 1 | . . . . . . . . . . . 1 Robot Analysis 2 | . 2 . . . . . . . . . . Prototype ID Bank 3 | . 1 . . . . . 1 . 1 . . Open DSF 2 | . . . . . . . . . . 2 . Level Access Points 4 | . . . . . 1 1 1 . . 1 . Terminal Index 2 | . . . . . 1 1 . . . . . Unreport Threat 5 | . . . . . 1 . . . . 3 1 Locate Traps 5 | . 1 . . . 1 1 1 . . . 1 Dispatch Records 1 | . 1 . . . . . . . . . . Maintenance Status 1 | . . . . . 1 . . . . . . Recall Extermination 2 | . . . . . . . 1 . 1 . . Hauler Manifests 2 | . 1 . . . 1 . . . . . . Zone Layout 3 | . . . . . 1 . . . . 1 1 Proto ID Catalog 1 | . . . 1 . . . . . . . . Fabricator Hacks 2 | . . . . . . 1 . 1 . . . Network Status 2 | . . . . . . 1 . 1 . . . Repair Station Hacks 13 | . . . . . 4 . 6 1 . . 2 Scan Component 7 | . . . . . 2 . 3 1 . . 1 Repair 6 | . . . . . 2 . 3 . . . 1 Recycling Unit Hacks 6 | . 1 . . . 1 1 . . 2 1 . Retrieve Components 6 | . 1 . . . 1 1 . . 2 1 . Scanalyzer . | . . . . . . . . . . . . Garrison Access Hacks 4 | . . . . . . 1 . . 1 1 1 Seal Access 4 | . . . . . . 1 . . 1 1 1 Unauthorized Hacks 16 | . 2 . . . 4 . 2 1 3 2 2 Terminals 16 | . 2 . . . 4 . 2 1 3 2 2 Assimilate 1 | . . . . . . . . . 1 . . Botnet 14 | . 2 . . . 3 . 2 1 2 2 2 Operators 1 | . . . . . 1 . . . . . . Fabricators . | . . . . . . . . . . . . Repair Stations . | . . . . . . . . . . . . Recycling Units . | . . . . . . . . . . . . Scanalyzers . | . . . . . . . . . . . . Garrison Access . | . . . . . . . . . . . . Data Cores Recovered . | . . . . . . . . . . . . Used . | . . . . . . . . . . . . Hacking Detections 44 | . 6 . . . 7 4 8 2 5 5 7 Full Trace Events 2 | . . . . . 1 . 1 . . . . Feedback Events . | . . . . . . . . . . . . Feedback Blocked . | . . . . . . . . . . . . Robot Schematics Acquired . | . . . . . . . . . . . . Robots Built . | . . . . . . . . . . . . Authchips . | . . . . . . . . . . . . Time . | . . . . . . . . . . . . Total Robot Build Rating . | . . . . . . . . . . . . Part Schematics Acquired 1 | . . . . . . . . . . . 1 Parts Built . | . . . . . . . . . . . . Authchips . | . . . . . . . . . . . . Time . | . . . . . . . . . . . . Total Part Build Rating . | . . . . . . . . . . . . Parts Repaired 6 | . . . . . 2 . 3 . . . 1 Time 218 | . . . . . 52 . 110 . . . 56 Parts Recycled . | . . . . . . . . . . . . Recycled Matter . | . . . . . . . . . . . . Retrieved Matter . | . . . . . . . . . . . . Retrieved Components 22 | . 9 . . . 10 2 . . 1 . . Parts Scanalyzed . | . . . . . . . . . . . . Part Schematics Acquired . | . . . . . . . . . . . . Parts Damaged . | . . . . . . . . . . . . Bothacking | -11 -10 -10 -10 -9 -8 -7 -6 -5 -4 -3 -2 ------------ Run | Yrd Mat Min Exi Min Mat Fac Fac Fac Fac Res Res Used RIF Installer . | . . . . . . . . . . . . Robots Hacked . | . . . . . . . . . . . . Non-combat . | . . . . . . . . . . . . Combat . | . . . . . . . . . . . . Robot Hacks Applied . | . . . . . . . . . . . . Relay Couplers Released . | . . . . . . . . . . . . Fabnet Peak Effective % . | . . . . . . . . . . . . Robots Rewired . | . . . . . . . . . . . . Allies Hacked . | . . . . . . . . . . . . Hacks Repelled . | . . . . . . . . . . . . Allies | -11 -10 -10 -10 -9 -8 -7 -6 -5 -4 -3 -2 -------- Run | Yrd Mat Min Exi Min Mat Fac Fac Fac Fac Res Res Total Allies 5 | . . 1 . 3 . . . . 1 . . Largest Group 4 | . . 1 1 4 4 . . . 1 . . Highest-Rated Group 71 | . . 31 31 71 71 . . . 10 . . Highest-Rated Ally 31 | . . 31 31 31 31 . . . 10 . . Total Orders . | . . . . . . . . . . . . Ally Attacks 35 | . . . . . 35 . . . . . . Total Damage 321 | . . . . . 321 . . . . . . Kills 2 | . . . . . 2 . . . . . . Allies Corrupted . | . . . . . . . . . . . . Allies Melted . | . . . . . . . . . . . . Intel | -11 -10 -10 -10 -9 -8 -7 -6 -5 -4 -3 -2 ------- Run | Yrd Mat Min Exi Min Mat Fac Fac Fac Fac Res Res Active Infowar (turns) 6296 | . 860 479 288 325 1742 445 469 263 538 358 529 Optics 662 | . . . . . . . . 263 399 . . Structural 3807 | . 1 . . . 1741 445 469 263 538 350 . Seismic 1953 | . 859 479 288 325 2 . . . . . . Cloaking 608 | . . . . . . . . . 215 51 342 Jamming 641 | . . . . . . . . . 138 298 205 ECM 1347 | . . . . . 325 . . 60 538 107 317 Robot Analysis Total 2 | . 2 . . . . . . . . . . Derelict Logs Recovered 3 | . . 1 . 2 . . . . . . . Drone Launches . | . . . . . . . . . . . . Drone Recoveries . | . . . . . . . . . . . . Exploration | -11 -10 -10 -10 -9 -8 -7 -6 -5 -4 -3 -2 ------------- Run | Yrd Mat Min Exi Min Mat Fac Fac Fac Fac Res Res Turns Passed 7175 | 44 1329 479 288 325 2084 445 469 263 538 358 553 Spaces Moved 6919 | 30 713 307 272 285 770 702 660 554 910 788 928 Core 1 | . 1 . . . . . . . . . . Treads 1652 | . 710 193 . . 749 . . . . . . Legs 32 | 30 2 . . . . . . . . . . Wheels 689 | . . 114 272 285 18 . . . . . . Hover . | . . . . . . . . . . . . Flight 4545 | . . . . . 3 702 660 554 910 788 928 Fastest Speed 22 | 120 120 105 105 105 31 27 27 27 28 22 25 Average Speed 68 | 120 160 139 105 105 158 29 27 27 29 27 28 Slowest Speed 550 | 120 550 160 105 105 240 31 27 109 113 108 34 Overloaded Moves 314 | . . . . . . . . . . 67 247 Propulsion Burnouts . | . . . . . . . . . . . . Robots Hopped . | . . . . . . . . . . . . Potential Cave-ins . | . . . . . . . . . . . . Cave-ins Triggered . | . . . . . . . . . . . . Exploration Rate (%) 39 | 3 95 51 62 69 62 20 16 25 22 26 28 Regions Visited 11 Branch Regions 3 Pre-discovered Areas 1 | . . . 1 . . . . . . . . Known Exits Taken 4 | . . . . . 1 1 1 . . 1 . Unknown Exits Taken 7 | 1 1 1 1 1 . . . 1 1 . . Scrap Searched 1 | . . . . 1 . . . . . . . Spaces Dug 105 | . . . . . 7 18 10 16 16 3 35 Terrain Destroyed 273 | . 4 13 . . 68 19 10 16 16 92 35 Melee 95 | . . . . . 6 12 10 16 16 3 32 Projectile 34 | . . . . . 24 7 . . . . 3 AOE 144 | . 4 13 . . 38 . . . . 89 . Terrain Rammed . | . . . . . . . . . . . . Walls Destroyed . | . . . . . . . . . . . . Machines Disabled . | . . . . . . . . . . . . Actions | -11 -10 -10 -10 -9 -8 -7 -6 -5 -4 -3 -2 --------- Run | Yrd Mat Min Exi Min Mat Fac Fac Fac Fac Res Res Total 8881 | 34 831 342 275 309 1492 889 918 627 1134 885 1145 Wait 1329 | . 43 17 . 20 528 135 191 34 171 44 146 Move 6908 | 29 712 306 271 284 769 701 659 553 909 787 928 Hop . | . . . . . . . . . . . . Pick Up 63 | . 12 2 1 . 22 4 7 4 2 6 3 Fast Attach 41 | . 7 . . 1 7 2 5 2 5 1 11 Attach 32 | . . 3 1 1 8 4 3 2 1 7 2 Detach 10 | . . . 2 2 1 1 1 . . 1 2 Swap 61 | . 11 3 . . 34 3 2 3 3 2 . Drop 76 | . 6 2 . . 31 4 9 5 8 5 6 Fire 164 | 5 38 8 . . 74 8 . . 8 16 7 Melee 171 | . . . . 1 13 27 23 24 27 16 40 Ram 1 | . . 1 . . . . . . . . . Kick . | . . . . . . . . . . . . Crush 5 | . . . . . 5 . . . . . . Escape Stasis 18 | . . . . . . . 18 . . . . Rewire 2 | . 2 . . . . . . . . . . Trap . | . . . . . . . . . . . . Miscellaneous . | . . . . . . . . . . . . Route ------- -11/Scrapyard -10/Materials (discovered 4 exits: [*Mat x3] / [*Min]) -10/Mines (discovered 3 exits: [*Mat] / *Exi / [*Sub]) -10/Exiles -9/Mines (discovered 2 exits: *Mat x2) -8/Materials (discovered 4 exits: *Fac x3 / Sto) -7/Factory (discovered 4 exits: *Fac x4) -6/Factory (discovered 5 exits: *Fac x4 / *Low) -5/Factory (discovered 3 exits: *Fac x2 / [*Upp]) -4/Factory -3/Research (discovered 4 exits: *Res x3 / [*Arm]) -2/Research History --------- Turn | Location | Event 1 | -11/Scrapyard | Discovered new exit (range 2) 45 | -11/Scrapyard | Entered Materials 46 | -10/Materials | Met a group of wandering Federalists 255 | -10/Materials | Discovered new exit (range 13) 332 | -10/Materials | Build established: Mutant 728 | -10/Materials | Discovered new exit (range 13) 774 | -10/Materials | Discovered new exit (range 6) 934 | -10/Materials | Central database locked down 1059 | -10/Materials | Discovered new exit (range 10) 1374 | -10/Materials | Entered Mines 1403 | -10/Mines | YI-UF0 nonchalantly dropped a Grenade Launcher on the ground 1518 | -10/Mines | Found a Scrap Suit stashed away for nefarious purposes 1545 | -10/Mines | Discovered new exit (range 5) 1572 | -10/Mines | Learned 4 Materials zone layouts 1709 | -10/Mines | Destroyed YI-UF0 1736 | -10/Mines | Lost 3 parts (2n1w) 1746 | -10/Mines | Discovered new exit (range 9) 1784 | -10/Mines | Met a Derelict testing a Signal Generator 1842 | -10/Mines | Deemed a non-threat by the Exiles lab entrance 1842 | -10/Mines | Discovered new exit (range 5) 1853 | -10/Mines | Entered Exiles 1853 | -10/Exiles | Accompanied by 1 ally 1880 | -10/Exiles | Met 8R-AWN 1899 | -10/Exiles | Met EX-HEX 1937 | -10/Exiles | Met EX-DEC 1947 | -10/Exiles | Learned location of Zion (-6) 1970 | -10/Exiles | Met EX-BIN 1986 | -10/Exiles | Aligned with FarCom system 1987 | -10/Exiles | Given EX-Vault access code 2015 | -10/Exiles | Opened EX-Vault 2026 | -10/Exiles | Found Latent Energy Streamer 2049 | -10/Exiles | Warned to stay clear of 0b10 Research branches 2127 | -10/Exiles | Discovered new exit (range 14) 2141 | -10/Exiles | Left Exiles lab with Latent Energy Streamer 2141 | -10/Exiles | Entered Mines 2141 | -9/Mines | Accompanied by 1 ally 2172 | -9/Mines | Assisted by bots powering up and referring to "LRC-V3" 2176 | -9/Mines | Learned location of 1 exit from Materials 2409 | -9/Mines | Discovered new exit (range 16) 2446 | -9/Mines | Discovered new exit (range 4) 2466 | -9/Mines | Entered Materials 2466 | -8/Materials | Accompanied by 4 allies 2466 | -8/Materials | Evolved 4 slots: Propulsion x2, Utility x2 2467 | -8/Materials | Identified exit to Storage 2468 | -8/Materials | Identified exit to Factory 2571 | -8/Materials | Lost 3 allies 3050 | -8/Materials | Build established: Infiltrator-Mutant 4168 | -8/Materials | Repaired ECM Suite 4195 | -8/Materials | Repaired Lgt. Armor Plating 4350 | -8/Materials | Build established: Mutant 4476 | -8/Materials | Lost 3 parts (2n1u) 4550 | -8/Materials | Entered Factory 4550 | -7/Factory | Evolved 2 slots: Power x1, Propulsion x1 4834 | -7/Factory | Build established: Hacker-Sprinter 4962 | -7/Factory | Identified exit to Factory 4995 | -7/Factory | Entered another Factory area 4995 | -6/Factory | Evolved 2 slots: Utility x2 5195 | -6/Factory | Repaired Xenon Bombardment Thruster 5294 | -6/Factory | Repaired Xenon Bombardment Thruster 5340 | -6/Factory | Repaired Xenon Bombardment Thruster 5348 | -6/Factory | Discovered new exit (range 16) 5384 | -6/Factory | Identified exit to Lower Caves 5394 | -6/Factory | Identified exit to Factory 5464 | -6/Factory | Entered another Factory area 5464 | -5/Factory | Evolved 2 slots: Utility x2 5558 | -5/Factory | Discovered new exit (range 19) 5640 | -5/Factory | Discovered new exit (range 7) 5696 | -5/Factory | Discovered new exit (range 18) 5727 | -5/Factory | Entered another Factory area 5727 | -4/Factory | Evolved 2 slots: Propulsion x1, Utility x1 5789 | -4/Factory | Build established: Hacker-Ninja 5989 | -4/Factory | Discovered new exit (range 9) 6265 | -4/Factory | Entered Research 6265 | -3/Research | Evolved 2 slots: Propulsion x1, Utility x1 6288 | -3/Research | Identified exit to DSF 6388 | -3/Research | Allied Derelicts emerged from ambush trap array 6424 | -3/Research | Build established: Hacker-Sprinter 6569 | -3/Research | Discovered new exit (range 17) 6569 | -3/Research | Identified exit to Research 6623 | -3/Research | Entered another Research area 6623 | -2/Research | Evolved 2 slots: Utility x2 6650 | -2/Research | Lost 4 parts (1p1n2u) 6693 | -2/Research | Found Prototype Device 6693 | -2/Research | Identified Exp. Transmission Jammer 6941 | -2/Research | Repaired Field Propulsion Drive 7176 | -2/Research | Self-destructed Last Messages --------------- Schematic downloaded. 07138_ Acquired 85 matter. 07141_ Reaction Control System destroyed. 07142_ System corrupted: Adv. Cryofiber Web rejected. 07143_ O-24 Administrator: "IFF HANDSHAKE FAILED. SECURING TERMINAL." 07146_ Acquired Prototype Flight Unit. 07146_ A-15 Conveyor enters garrison. 07148_ Connecting with Garrison Access... >>Seal Access door sealed. 07151_ Dropped Cld. Nuclear Pulse Thruster. 07152_ Acquired Impulse Thruster. 07162_ P-80 Master resets P-80 Master, system corruption cleaned. 07164_ W-44 Eye sends out distress signal. 07174_ Impulse Thruster Array destroyed. [Achievement: Just Browsing] [Achievement: Achiever] Map ----- +----------------------------------------------------+ | ?????????????????????????????????????????????????? | | ?????????????????????????????????????????????????? | | ?????????????????????????????????????????????????? | | ?????????????????????????????????????????????????? | | ?????????????????????????????????????????????????? | | ?????????????????????????????????????????????????? | | ?????????????????????????????????????????????????? | | ?????????????????????????????????????????????????? | | ?????????????????????????????????????????????????? | | ?????????????????????????????????????????????????? | | ?????????????????????????????????????????????????? | | ?????????????????????????????????????????????????? | | ?????????????????????????????????????????????????? | | ?????????????????????????????????????????????????? | | ?????????????????????????????????????????????????? | | ?????????????????????????????????????????????????? | | ?????????????????????????????????????????????????? | | ?????????????????????????????????????????????????? | | ?????????????????????????????????????????????????? | | ?????????????????????????????????????????????????? | | ?????????????????????????????????????????????????? | | ?????????????????????????????????????????????????? | | ?????????????????????????????????????????????????? | | ????????????????????###########??????????????????? | | ????????????????????# ss #??????????????????? | | ????????????????????# ss@s #??????????????????? | | ????????????????????# ss""" #??????????????????? | | ????????????????????# s """" #??????????????????? | | ############????????# """" #??????????????????? | | #????????# s""" ####????????######## | | #????????# # ????????# | | #????????# # ????#??# | | """ #??? ##########+#### """?? #??# """ | | """ ] # hh # """" #??# ""F | | """ + p # """" #??# "" | | """ # # """" #??# """ | | """ """#? # """" #??# """ | | """ R"#? ########## p # #??# = | | """#?????????????# # #??# | | #?????????????# ###+#############/## | | # ????????##### w | | ############ ??????? ## | | ???????????? ??????? ?# | | ???????????? ?????? ?# | | ???????????# #?????" ??##################"" | | ??????????## #???""" ???????????????????#"" | | ???????? #??#""" ????????????????????#G | | ??????? #??#"S ????????????????????#"" | | ????????? #??#"" ?????????????????????#"" | | ????????? #??#"" ??????????????????? # | +----------------------------------------------------+ Best States ------------- Heat Dissipation 49 Energy Generation 31 Energy Capacity 380 Matter Stores 300 Matter Capacity 300 Sight Range 22 Terrain Scan Density 10 ECM Strength 1 Jamming Range 22 Cloak Strength 3 Base Temperature (-) 200 Armor Coverage 225 Utility Shielding 66 Phase Shifting 15 Evasion (%) 87 Recoil Reduction 4 Offensive Hacking 20 Defensive Hacking 20 Item Schematics ----------------- Enh. Quantum Rifle | -2/Research | Hacked Robot Schematics ------------------ None Fabricated ------------ Nothing Repaired ---------- ECM Suite | 50% | -8/Materials Lgt. Armor Plating | 48% | -8/Materials Xenon Bombardment Thruster | 46% | -6/Factory Xenon Bombardment Thruster | 50% | -6/Factory Xenon Bombardment Thruster | 50% | -6/Factory Field Propulsion Drive | 6% | -2/Research Alien Tech Used ----------------- None Achievements -------------- Achiever Hunted Just Browsing Slippery One Challenges ------------ None Game ------ Seed WarpTowerMatrix Manual? 0 Play Time 02:36:05 Cumulative 44.1 hours Start 2025.07.02 @ 11:02:31 End 2025.07.02 @ 15:39:58 Sessions 3 Manual Loads 0 Difficulty Rogue Special Mode None Game No. 29 Rogue 29 Adventurer 0 Explorer 0 Win Type - Total 0 Types 0/0/0/0/0/0/0/0/0/0 Lore% 23 Gallery% 25 Achievement% 25 Wizard Run 0 Options --------- Layout 2 ASCII 0 Keyboard 0 Movement Numpad Keybinds 0 Fullscreen 1 Font 32/SmallcapsGlow Map View 50x44 Zoom Use 0% Tactical HUD 1 Map Filters NONE Filters NONE Steam 1 RUN: aefd0295-1008-449b-b255-d701ab394b78